 Dungeon Crawl Stone Soup version 0.31-a0-1074-g0b22e4e0f1 (webtiles) character file.

Game seed: 6954860477064914649

1879271 dialectric the Invulnerable (level 24, 220/220 HPs)
             Began as a Minotaur Fighter on Dec 6, 2023.
             Was the Champion of Jiyva.
             Escaped with the Orb
             ... and 3 runes on Dec 7, 2023!
             The game lasted 02:24:24 (52232 turns).

dialectric the Invulnerable (Minotaur Fighter)     Turns: 52232, Time: 02:24:25

Health: 220/220    AC: 54    Str: 28    XL:     24   Next: 78%
Magic:  31/31      EV: 35    Int: 10    God:    Jiyva [******]
Gold:   3656       SH: 19    Dex: 32    Spells: 23/23 levels left

rFire   + . .        h - +8 eveningstar (freeze)
rCold   + + .        u - +1 buckler {rF+}
rNeg    . . .        p - +6 crystal plate armour of Orruptub {MP+9 Int+5 Slay+2}
rPois   +            U - +2 hat "Meerik" {Dex+4}
rElec   +            E - +2 cloak {Stlth+}
rCorr   +            N - +2 pair of gloves {Dex+3}
SInv    .            K - +0 pair of boots {Stlth+}
Will    +....        J - dreamdust necklace {Acrobat} Stlth
                     c - ring of Ceur {rElec rPois AC+4 Str-2 Dex+5}
HPRegen 4.56/turn    j - ring "Jex Ubreogee" {EV+5 Dex+7}
MPRegen 0.72/turn

%: acrobat
@: no status effects
A: horns 2, retaliatory headbutt, large bone plates 3, cold resistance 2,
deterioration 1, frail 1, regeneration 3, shaggy fur 1, wild magic 2, eyeballs
1, jelly sensing items
0: Orb of Zot
}: 3/15 runes: decaying, slimy, silver
a: Renounce Religion, Oozemancy, Slimify


You escaped.
You worshipped Jiyva.
Jiyva was exalted by your worship.
You visited 11 branches of the dungeon, and saw 53 of its levels.
You visited 1 bazaar.
You also visited: Trove, Sewer and Ice Cave.

You collected 4892 gold pieces.
You spent 1236 gold pieces at shops.

Inventory:

Hand Weapons
 h - a +8 eveningstar of freezing (weapon)
 C - the +10 zealot's sword {holy, Zealotry, *Rage rN+ EV+3}
   (You found it on level 5 of the Pits of Slime)

   Zealotry:  Whenever the wielder enters a berserk rage, their allies are
   berserked alongside them.
   EV+3:      It affects your evasion (+3).
   rN+:       It protects you from negative energy.
   *Rage:     It berserks you when you make melee attacks (+20% chance).
 Q - the +9 flail of Cil Ejeh {freeze, rN+}
   (You found it on level 5 of the Pits of Slime)

   rN+:       It protects you from negative energy.
Missiles
 b - 2 throwing nets
Armour
 n - the scarf of Duty {repulsion, rElec rPois rC+ Will+}
   (You found it on level 5 of the Pits of Slime)

   rC+:       It protects you from cold.
   rElec:     It insulates you from electricity.
   rPois:     It protects you from poison Will+: It increases your willpower.
 p - the +6 crystal plate armour of Orruptub (worn) {MP+9 Int+5 Slay+2}
   (You found it on level 3 of the Elven Halls)

   Int+5:     It affects your intelligence (+5).
   Slay+2:    It affects your accuracy & damage with ranged weapons and melee
   (+2).
   MP+9:      It affects your magic capacity (+9).
 u - a +1 buckler of fire resistance (worn)
 y - +0 ice dragon scales
 D - +0 fire dragon scales
 E - a +2 cloak of stealth (worn)
 G - +0 gold dragon scales
 K - a +0 pair of boots of stealth (worn)
 N - a +2 pair of gloves of dexterity (worn)
 U - the +2 hat "Meerik" (worn) {Dex+4}
   (You acquired it on level 13 of the Dungeon)

   Dex+4:     It affects your dexterity (+4).
Jewellery
 c - the ring of Ceur (left hand) {rElec rPois AC+4 Str-2 Dex+5}
   (You found it in an ice cave)

   [ring of protection]

   AC+4:      It affects your AC (+4).
   Str-2:     It affects your strength (-2).
   Dex+5:     It affects your dexterity (+5).
   rElec:     It insulates you from electricity.
   rPois:     It protects you from poison
 j - the ring "Jex Ubreogee" (right hand) {EV+5 Dex+7}
   (You took it off a vampire on level 7 of the Dungeon)

   [ring of evasion]

   EV+5:      It affects your evasion (+5).
   Dex+7:     It affects your dexterity (+7).
 o - the ring "Kelonum" {+Blink Int+6 Stlth+}
   (You found it on level 12 of the Dungeon)

   [ring of intelligence]

   Int+6:     It affects your intelligence (+6).
   +Blink:    It lets you blink.
   Stlth+:    It makes you more stealthy.
 B - an amulet of regeneration
 F - a +6 ring of strength
 J - the dreamdust necklace (around neck) {Acrobat}
   (You found it on level 1 of the Depths)

   [amulet of the acrobat]

   Acrobat:   It increases your evasion while moving and waiting.
 O - a +5 ring of evasion
 S - the ring of Omoxt {Contam rPois rF+ rN+++ Str+2}
   (You took it off a deep elf annihilator on level 3 of the Elven Halls)

   [ring of poison resistance]

   Str+2:     It affects your strength (+2).
   rF+:       It protects you from fire.
   rPois:     It protects you from poison rN+++: It renders you almost immune to
   negative energy.
   Contam:    It causes magical contamination when unequipped.
 W - a +6 ring of dexterity
Wands
 k - a wand of digging (10)
 s - a wand of iceblast (14)
 L - a wand of charming (1)
 R - a wand of acid (40)
Scrolls
 d - 5 scrolls of fog
 g - 7 scrolls of revelation
 q - 12 scrolls of vulnerability
 X - 5 scrolls of immolation
Potions
 a - 2 potions of magic
 e - 6 potions of brilliance
 f - 2 potions of might
 i - 5 potions of curing
 l - 4 potions of mutation
 r - a potion of enlightenment
 t - a potion of ambrosia
 v - a potion of cancellation
 x - a potion of berserk rage
 H - 2 potions of attraction
 I - 3 potions of resistance
Miscellaneous
 m - a box of beasts
 Z - a phantom mirror


   Skills:
 + Level 26.1 Fighting
 * Level 23.2 Maces & Flails
 O Level 27 Armour
 O Level 27 Dodging
 + Level 15.4 Shields


You had 23 spell levels left.
You didn't know any spells.
Your spell library contained the following spells:

 Spells                   Type           Power      Damage    Failure   Level
 Freeze                   Ice            0%         1d3       98%         1
 Magic Dart               Conj           0%         1d3       98%         1
 Necrotise                Necr           0%         1d4       98%         1
 Shock                    Conj/Air       0%         1d3       98%         1
 Slow                     Hex            0%         N/A       98%         1
 Blink                    Tloc           0%         N/A       99%         2
 Call Imp                 Summ           0%         N/A       99%         2
 Cigotuvi's Dreadful Rot  Necr/Pois/Air  0%         N/A       99%         2
 Ensorcelled Hibernation  Hex/Ice        0%         N/A       99%         2
 Lesser Beckoning         Tloc           0%         N/A       99%         2
 Momentum Strike          Conj/Tloc      0%         3d8       99%         2
 Passwall                 Tmut/Erth      0%         N/A       99%         2
 Poisonous Vapours        Pois/Air       0%         N/A       99%         2
 Static Discharge         Conj/Air       0%         3-3/arc   99%         2
 Confusing Touch          Hex            0%         N/A       100%        3
 Frozen Ramparts          Ice            0%         1d1       100%        3
 Gell's Gravitas          Tloc           0%         N/A       100%        3
 Hailstorm                Conj/Ice       0%         3d3       100%        3
 Ignite Poison            Fire/Tmut/Pois 0%         N/A       100%        3
 Inner Flame              Hex/Fire       0%         N/A       100%        3
 Mephitic Cloud           Conj/Pois/Air  0%         N/A       100%        3
 Ozocubu's Armour         Ice            0%         N/A       100%        3
 Sigil of Binding         Hex            0%         N/A       100%        3
 Swiftness                Air            0%         N/A       100%        3
 Teleport Other           Tloc           0%         N/A       100%        3
 Tukima's Dance           Hex            0%         N/A       100%        3
 Vampiric Draining        Necr           0%         2d6       100%        3
 Volatile Blastmotes      Fire/Tloc      0%         2d10      100%        3
 Airstrike                Air            0%         2d(0-16)  100%        4
 Animate Armour           Summ/Erth      0%         N/A       100%        4
 Animate Dead             Necr           0%         N/A       100%        4
 Brom's Barrelling Bould  Conj/Erth      0%         2d3       100%        4
 Flame Wave               Conj/Fire      0%         2d4       100%        4
 Manifold Assault         Tloc           0%         N/A       100%        4
 Olgreb's Toxic Radiance  Pois           0%         N/A       100%        4
 Passage of Golubria      Tloc           0%         N/A       100%        4
 Petrify                  Tmut/Erth      0%         N/A       100%        4
 Sticky Flame             Conj/Fire      0%         2d3       100%        4
 Summon Ice Beast         Ice/Summ       0%         N/A       100%        4
 Summon Lightning Spire   Summ/Air       0%         N/A       100%        4
 Vhi's Electric Charge    Tloc/Air       0%         N/A       100%        4
 Agony                    Necr           0%         N/A       100%        5
 Arcjolt                  Conj/Air       0%         1d10      100%        5
 Borgnjor's Vile Clutch   Necr/Erth      0%         N/A       100%        5
 Fireball                 Conj/Fire      0%         3d3       100%        5
 Freezing Cloud           Conj/Ice/Air   0%         6-21      100%        5
 Iskenderun's Battlesphe  Conj           0%         2d6       100%        5
 Lee's Rapid Deconstruct  Erth           0%         3d4*      100%        5
 Metabolic Englaciation   Hex/Ice        0%         N/A       100%        5
 Summon Forest            Summ/Tloc      0%         N/A       100%        5
 Summon Mana Viper        Hex/Summ       0%         N/A       100%        5
 Yara's Violent Unravell  Hex/Tmut       0%         3d3       100%        5
 Bombard                  Conj/Erth      0%         9d1       100%        6
 Conjure Ball Lightning   Conj/Air       0%         3x3d6     100%        6
 Death Channel            Necr           0%         N/A       100%        6
 Dispersal                Tloc           0%         N/A       100%        6
 Eringya's Noxious Bog    Tmut/Pois      0%         4d6       100%        6
 Simulacrum               Ice/Necr       0%         N/A       100%        6
 Summon Cactus Giant      Summ           0%         N/A       100%        6
 Haunt                    Necr/Summ      0%         N/A       100%        7
 Orb of Destruction       Conj           0%         9d5       100%        7
 Ozocubu's Refrigeration  Ice            0%         4d7       100%        7
 Spellforged Servitor     Conj/Summ      0%         N/A       100%        7
 Summon Hydra             Summ           0%         N/A       100%        7
 Discord                  Hex            0%         N/A       100%        8
 Disjunction              Tloc           0%         N/A       100%        8
 Ignition                 Fire           0%         3d3       100%        8
 Infestation              Necr           0%         N/A       100%        8
 Maxwell's Capacitive Co  Air            0%         ∞         100%        8
 Chain Lightning          Conj/Air       0%         N/A       100%        9
 Dragon's Call            Summ           0%         N/A       100%        9
 Fire Storm               Conj/Fire      0%         5d1       100%        9
 Polar Vortex             Ice            0%         N/A       100%        9
 Shatter                  Erth           0%         3d5*      100%        9


Dungeon Overview and Level Annotations

Branches:
Dungeon (15/15)            Temple (1/1) D:7            Lair (5/5) D:10
  Swamp (4/4) Lair:2       Spider (4/4) Lair:3        Slime (5/5) Lair:4
    Orc (2/2) D:9             Elf (3/3) Orc:2        Vaults (5/5) D:13
 Depths (4/4) D:15            Zot (5/5) Depths:4      Sewer (visited)
  IceCv (visited)
  Crypt: Vaults:2-3

Altars:
Ashenzari
Cheibriados
Dithmenos
Elyvilon
Fedhas
Gozag
Hepliaklqana
Kikubaaqudgha
Makhleb
Nemelex Xobeh
Okawaru
Qazlal
Ru
Sif Muna
Trog
Uskayaw
Vehumet
Wu Jian
Xom
Yredelemnul
Zin
The Shining One
Jiyva

Shops:
D:12 ([([*?   Orc:2 [([*==   Elf:1 *   Elf:2 (   Elf:3 =   Vaults:1 (
Depths:4 [

Portals:
Hell: Depths:1 Depths:2 Depths:3 Depths:4
Abyss: Depths:1 Depths:3
Pandemonium: Depths:2
Ziggurat: Depths:1

Annotations:
D:8 3 transporters
Swamp:4 Lernaean hydra
Spider:4 Mara
Slime:5 Royal Jelly
Orc:2 2 transporters
Zot:2 3 transporters


Innate Abilities, Weirdness & Mutations

You have a pair of horns on your head.
You reflexively headbutt those who attack you in melee.
You are completely covered in large bone plates. (SH +8)
Your flesh is very cold resistant. (rC++)
Your body sometimes deteriorates upon taking damage.
You are frail. (-10% HP)
You regenerate.
You are covered in fur. (AC +1)
Your spells are harder to cast, but more powerful.
Your body has grown eyes which may confuse attackers. (Acc +3)
You have a small jelly attached to you that senses nearby items.


Message History

You block the red devil's attack.
Unknown command.
You barely miss the red devil. You headbutt the red devil.
The red devil is heavily wounded.
You impale the red devil!! You freeze the red devil.
You kill the red devil!
You see here a +0 trident.
No target in view!
There is a stone staircase leading up here.
There is an escape hatch in the ceiling here.
A mysterious force pulls you upwards. The hatch slams shut behind you.
Unknown command.
Unknown command.
You see here a +0 mace.
A Hell Sentinel comes into view.
There is a stone staircase leading up here.
You climb upwards.
There is a stone staircase leading down here.
Unknown command.
Unknown command.
There is a stone staircase leading down here.
You enter the shallow water.
Moving in this stuff is going to be slow.
You see here a +0 scale mail.
There is a stone staircase leading up here.
You climb upwards.
There is a stone staircase leading down here.
Unknown command.
Unknown command.
There is an open door here.
There is an open door here.
You hear a distant slurping noise.
Aiming: Dig
Press: ? - help, Shift-Dir - straight line A rock wall.
This square is covered in magical glow.
The rock shatters into small pieces.
There is a staircase leading out of the dungeon here.
You can't go down here!
You have escaped!

#####.###.##.........##..#.# #
..........#.....#.....#..#.######
#####......[...###.....###.......
...######.....#####.....#.#######
##.# ##.....#.....#.....## #...
.#.# ##.....###...###.....## #.##
.#.###.....#####.#####.....###.#
##.##.....#...........#.....##.#
...#.....###....@....###.....#.##
####....#####.......#####....#...
# #...#.....#.....#.....#...#...
# #..###...###...###...###..#...
# #.#####.#####.#####.#####.#.##
# #.........................#.# #
########......#############.##
###########.###### #.....#...
#...........# #.##.#####


There were no monsters in sight!

Vanquished Creatures
  An ancient lich (Vaults:5)
  6 orbs of fire
  3 dread liches
  5 Killer Klowns (Zot:5)
  Xtahua (Vaults:5)
  Frederick (Vaults:3)
  5 curse toes
  4 golden dragons
  Nikola (Elf:3)
  2 electric golems (Zot:5)
  16 tentacled monstrosities
  30 Orb Guardians
  Rupert (Lair:4)
  An Ice Fiend (Zot:1)
  4 liches
  A walking divine tome (Depths:3)
  5 deep elf blademasters
  2 quicksilver dragons
  4 deep elf master archers (Elf:3)
  7 sphinxes
  6 titans
  Kirke (D:12)
  An Executioner (Zot:1)
  5 death cobs
  Agnes (Spider:1)
  11 storm dragons
  An eldritch tentacle (Vaults:3)
  2 draconian monks (Zot:4)
  Gastronok (Lair:3)
  6 shadow dragons
  Donald (Orc:2)
  3 thorn hunters
  3 tengu reavers
  3 draconian knights
  A revenant (Vaults:2)
  10 fire giants
  5 frost giants
  9 vault wardens
  2 balrugs (Zot:1)
  3 draconian scorchers
  5 deep elf sorcerers
  4 deep elf elementalists
  A cacodemon (Zot:5)
  An iron dragon (Vaults:5)
  A draconian shifter (Zot:4)
  4 orc warlords
  A ghoul (Vaults:2)
  6 ghost moths
  3 war gargoyles
  2 draconian stormcallers (Zot:3)
  2 draconian annihilators
  3 ironbound thunderhulks
  A broodmother (Spider:2)
  16 ironbound preservers
  2 reapers
  29 very ugly things
  17 stone giants
  13 green draconians
  2 vampire knights
  2 deep elf demonologists
  9 eleionomae
  A demonspawn black sun (D:14)
  5 black draconians
  2 lorocyprocas
  15 dire elephants
  4 deep elf annihilators
  Azrael (Spider:1)
  4 bunyips
  3 spark wasps
  2 yellow draconians
  2 purple draconians
  6 white draconians
  7 red draconians
  Snorg (Lair:3)
  6 ettins
  2 crystal guardians
  3 jiangshi (Depths:2)
  8 deep elf death magi
  A green death (Zot:5)
  5 entropy weavers
  4 deep elf high priests
  A quicksilver dragon zombie (Vaults:3)
  15 yaktaur captains
  10 fire dragons
  2 rakshasas
  Fannar (D:10)
  An ogre mage (D:15)
  6 ice dragons
  19 hydras
  24 vault guards
  2 ghost crabs
  A sphinx zombie (Depths:2)
  An anaconda (Swamp:1)
  5 spriggan air magi
  A juggernaut simulacrum (Depths:2)
  4 radroaches
  5 catoblepae
  A death knight (Vaults:2)
  4 peacekeepers
  13 alligators
  6 ironbound frosthearts
  7 boulder beetles
  A jorogumo (Spider:1)
  7 centaur warriors
  3 death yaks (Lair:5)
  4 tengu warriors
  5 two-headed ogres
  31 dancing weapons
  9 deep troll shamans
  9 deep troll earth magi
  5 demonic crawlers
  2 occultists
  4 vampire magi
  2 shock serpents (Vaults:3)
  4 spriggan berserkers
  4 orc high priests
  A sixfirhy (Zot:3)
  16 deep elf knights
  8 sun demons
  Sonja (D:9)
  6 pharaoh ants
  2 goliath frogs
  5 skysharks
  9 iron trolls
  2 sun moths
  15 swamp dragons
  A death drake (Swamp:4)
  54 deep trolls
  3 flayed ghosts (Depths:4)
  9 orb spiders
  2 spriggan druids
  5 bog bodies
  18 deep elf archers
  8 arcanists
  3 phantasmal warriors
  14 ironbound convokers
  5 lindwurms
  26 wolf spiders
  34 deep elf zephyrmancers
  4 necromancers
  6 steelbarb worms
  25 deep elf pyromancers
  11 orc knights
  2 orange crystal statues
  3 harpies (Vaults:1)
  8 cyclopes
  A shining eye (shapeshifter) (D:13)
  34 ugly things
  3 will-o-the-wisps
  3 manticores
  2 worldbinders (Vaults:3)
  6 orc sorcerers (Orc:2)
  A shadow dragon skeleton (Depths:2)
  Maurice (Orc:2)
  20 moths of wrath
  A stone giant skeleton (Depths:2)
  A titan simulacrum (Vaults:5)
  6 black mambas
  2 rust devils (D:10)
  15 vault sentinels
  A human skeleton (Vaults:5)
  8 elephants (Lair:5)
  9 apocalypse crabs (Zot:4)
  4 torpor snails
  16 cane toads
  A large abomination (Zot:5)
  An ice statue (Elf:3)
  9 orange demons
  A gargoyle (D:11)
  3 hellions
  Joseph (D:8)
  30 yaktaurs
  9 komodo dragons
  5 freezing wraiths
  2 rime drakes
  An efreet (D:15)
  4 tengu conjurers
  An ice devil (D:14)
  2 kobold demonologists
  2 anaconda simulacra (IceCv)
  An elf skeleton (Vaults:3)
  6 meliai
  A queen bee (shapeshifter) (D:13)
  7 trolls
  3 red devils
  6 tyrant leeches
  A polar bear (Lair:4)
  26 tarantellas
  9 hornets
  2 raiju (Vaults:3)
  19 blink frogs
  2 ettin zombies
  A culicivora (shapeshifter) (D:13)
  29 jumping spiders
  A shadow (D:10)
  25 culicivoras
  A human simulacrum (Vaults:3)
  2 air elementals
  6 vampires
  8 spriggans
  22 yaks
  An ettin skeleton (Vaults:3)
  4 wyverns
  2 hogs
  Eustachio (D:6)
  3 water elementals
  A dire elephant simulacrum (IceCv)
  47 redbacks
  3 steam dragons
  4 fire elementals
  4 basilisks
  20 vampire mosquitoes
  An ogre zombie (Vaults:5)
  2 spatial vortices (Vaults:3)
  An acid dragon (D:7)
  17 swamp worms
  Menkaure (D:4)
  4 harpy simulacra (IceCv)
  11 wargs
  2 hydra simulacra
  2 hell hounds (Spider:1)
  7 water moccasins
  27 orc warriors
  2 ice beasts (D:7)
  A sky beast (Vaults:3)
  2 black bears (Lair:5)
  13 swamp drakes
  9 wolves
  2 boggarts (Vaults:3)
  12 ogres
  9 centaurs
  2 phantoms
  3 kobold brigands
  3 necrophages (Lair:2)
  13 bullfrogs
  6 scorpions
  3 gnoll sergeants
  6 earth elementals
  12 wights
  12 killer bees
  12 electric eels
  2 howler monkeys
  4 crimson imps (D:14)
  4 hounds
  Crazy Yiuf (D:2)
  2 gnoll boudas (D:7)
  28 orc priests
  2 jellies (D:7)
  Ijyb (D:4)
  A sleepcap (D:6)
  3 iguanas
  4 lightning spires (Vaults:3)
  26 orc wizards
  A hell rat (Sewer)
  16 gnolls
  2 river rats (Sewer)
  7 adders
  3 shadow imps
  9 white imps
  2 worms
  3 dart slugs
  88 orcs
  3 ball pythons
  7 endoplasms
  7 giant cockroaches
  11 goblins
  10 hobgoblins
  3 jackals (D:5)
  14 kobolds
  4 quokkas (D:3)
  A bat (D:3)
  A frilled lizard (D:1)
  11 rats
1858 creatures vanquished.

Vanquished Creatures (collateral kills)
  A deep elf sorcerer (Elf:3)
  A vampire knight (Depths:3)
  2 deep elf annihilators (Elf:3)
  2 orb spiders
  A tarantella (Spider:4)
  A culicivora (Spider:4)
8 creatures vanquished.

Vanquished Creatures (others)
  2 tentacled monstrosities
  A quicksilver dragon (Vaults:5)
  2 tengu reavers (Vaults:5)
  A storm dragon (Zot:1)
  2 acid blobs
  6 azure jellies
  2 deep elf sorcerers
  A fire giant (Depths:2)
  2 vault wardens (Vaults:5)
  A ghost moth (Zot:4)
  2 ironbound preservers (Vaults:5)
  3 very ugly things (Vaults:5)
  3 stone giants (Vaults:5)
  A war gargoyle (Vaults:4)
  A draconian shifter (Zot:4)
  A formless jellyfish (Vaults:4)
  A vampire knight (Depths:3)
  A yellow draconian (Zot:4)
  A red draconian (Zot:4)
  A blizzard demon (Zot:1)
  2 ettins
  2 yaktaur captains
  4 vault guards (Vaults:5)
  A deep elf high priest (Vaults:5)
  3 great orbs of eyes
  An ice dragon (Depths:2)
  A rakshasa (Depths:1)
  A peacekeeper (Vaults:4)
  An ironbound frostheart (Vaults:2)
  A boulder beetle (D:12)
  A centaur warrior (D:13)
  A two-headed ogre (shapeshifter) (Depths:2)
  A deep troll earth mage (Vaults:5)
  A satyr (shapeshifter) (Vaults:5)
  5 hell knights (Vaults:2)
  A skyshark (shapeshifter) (Vaults:5)
  2 sixfirhies (Zot:5)
  A pharaoh ant (Spider:4)
  4 glowing orange brains
  2 deep trolls (Vaults:1)
  A deep elf pyromancer (Vaults:3)
  An arcanist (Vaults:3)
  A lindwurm (Vaults:3)
  3 necromancers
  2 deep elf zephyrmancers
  A manticore (shapeshifter) (Vaults:5)
  2 ice statues (Vaults:3)
  Psyche (D:12)
  A freezing wraith (Vaults:5)
  A tengu conjurer (Depths:2)
  2 anaconda simulacra (Vaults:3)
  3 yaktaurs
  A glass eye (Depths:4)
  2 bloated husks
  A tarantella (Spider:3)
  25 slime creatures
  A shadow (D:12)
  4 hogs (D:12)
  2 vampire mosquitoes (D:14)
  2 black mamba simulacra (Vaults:3)
  191 jellies
  An orc priest (Orc:1)
  An orc wizard (D:9)
  3 troll simulacra (Vaults:3)
  An orc (Orc:2)
  A kobold (D:9)
  A quokka (D:9)
  A rat (D:9)
  2 ball lightnings (Vaults:3)
  26 foxfires
356 creatures vanquished.

Grand Total: 2222 creatures vanquished

Notes
Turn   | Place    | Note
-------+----------+-------------------------------------------
     0 | D:1      | dialectric the Minotaur Fighter began the quest for the
                  | Orb.
     0 | D:1      | Reached XP level 1. HP: 19/19 MP: 0/0
    64 | D:1      | Reached XP level 2. HP: 26/27 MP: 1/1
   217 | D:1      | Reached skill level 1 in Dodging
   540 | D:2      | Reached XP level 3. HP: 30/33 MP: 2/2
   572 | D:2      | Found a runed translucent door.
   573 | D:2      | Noticed Crazy Yiuf
   955 | D:3      | Identified the +1 leather armour of the Spheres {rElec
                  | rPois}
  1169 | D:3      | Found a glowing drain.
  1180 | D:3      | Reached XP level 4. HP: 35/41 MP: 3/3
  1196 | Sewer    | Entered a sewer
  1601 | D:3      | Reached XP level 5. HP: 47/47 MP: 4/4
  1608 | D:3      | HP: 2/47 [orc priest/divine providence (11)]
  1818 | D:3      | You fall into a shaft and drop 1 floor!
  1998 | D:4      | Reached skill level 5 in Armour
  2065 | D:4      | Noticed Ijyb
  2069 | D:4      | Reached skill level 5 in Fighting
  2080 | D:4      | Killed Ijyb
  2095 | D:4      | Reached XP level 6. HP: 24/56 MP: 5/5
  2288 | D:4      | Found a shimmering altar of Xom.
  2289 | D:4      | Found a hide-covered altar of Uskayaw.
  2369 | D:4      | Noticed Menkaure
  2376 | D:4      | Killed Menkaure
  2377 | D:4      | Reached skill level 5 in Maces & Flails
  2377 | D:4      | Reached XP level 7. HP: 43/62 MP: 6/6
  2703 | D:5      | Entered Level 5 of the Dungeon
  2805 | D:5      | Found a shadowy altar of Dithmenos.
  3364 | D:6      | Noticed a wyvern
  3380 | D:6      | Killed a wyvern
  3381 | D:6      | Reached skill level 5 in Dodging
  3381 | D:6      | Reached XP level 8. HP: 39/71 MP: 7/7
  3785 | D:6      | Found a blossoming altar of Fedhas.
  4051 | D:6      | Noticed Eustachio
  4144 | D:7      | Found a staircase to the Ecumenical Temple.
  4153 | Temple   | Entered the Ecumenical Temple
  4560 | D:6      | Killed Eustachio
  4561 | D:6      | Reached XP level 9. HP: 68/81 MP: 8/8
  5066 | D:7      | Noticed a troll
  5068 | D:7      | Noticed a centaur warrior
  5243 | D:7      | Killed a centaur warrior
  5352 | D:7      | Killed a troll
  5434 | D:7      | Noticed a kobold demonologist
  5436 | D:7      | Noticed a hellwing
  5454 | D:7      | Reached skill level 10 in Fighting
  5461 | D:7      | Killed a kobold demonologist
  5462 | D:7      | Reached XP level 10. HP: 82/93 MP: 9/9
  5506 | D:7      | Identified the ring "Jex Ubreogee" {EV+5 Dex+7}
  5506 | D:7      | Noticed a boulder beetle
  5508 | D:7      | Noticed a boulder beetle
  5509 | D:7      | Noticed a purple ugly thing
  6050 | D:2      | Killed Crazy Yiuf
  6257 | D:8      | Found a transporter.
  6306 | D:8      | Found a sacrificial altar of Ru.
  6312 | D:8      | Noticed Joseph
  6329 | D:8      | Killed Joseph
  6583 | D:8      | Reached skill level 10 in Maces & Flails
  6735 | D:8      | Found a transporter.
  6741 | D:8      | Found a transporter.
  6947 | D:8      | HP: 3/94 [iguana (9)]
  7183 | D:8      | Found a transporter.
  7362 | D:9      | Found a bloodstained altar of Trog.
  7651 | D:9      | Identified the +0 chain mail of Omoolac {Rampage rPois
                  | Str+9 Slay-2}
  8209 | D:7      | Reached skill level 10 in Dodging
  8586 | D:10     | Entered Level 10 of the Dungeon
  8748 | D:10     | Noticed a two-headed ogre
  8749 | D:10     | Found a glowing silver altar of Zin.
  8757 | D:10     | Killed a two-headed ogre
  8758 | D:10     | Reached XP level 11. HP: 104/104 MP: 10/10
  8762 | D:10     | Found a staircase to the Lair.
  8910 | D:10     | Found a sparkling altar of Nemelex Xobeh.
  8932 | D:10     | Noticed Fannar
  8952 | D:10     | Killed Fannar
  8953 | D:10     | Reached skill level 5 in Shields
  9108 | D:11     | Found a portal to a secret trove of treasure.
  9119 | D:11     | Noticed a two-headed ogre
  9126 | D:11     | Killed a two-headed ogre
  9784 | D:11     | Noticed a deep elf pyromancer
  9794 | D:11     | Killed a deep elf pyromancer
  9835 | D:11     | Noticed a deep elf pyromancer
  9841 | D:11     | Killed a deep elf pyromancer
  9846 | D:11     | Noticed a sun demon
  9849 | D:11     | Noticed a sun demon
 10156 | D:12     | Found Taxiph's Antique Armour Shop.
 10174 | D:12     | Noticed a tengu warrior
 10188 | D:12     | Killed a tengu warrior
 10189 | D:12     | Reached XP level 12. HP: 113/113 MP: 11/11
 10223 | D:12     | Noticed a boulder beetle
 10240 | D:12     | Killed a boulder beetle
 10255 | D:12     | Noticed Kirke
 10275 | D:12     | Noticed a boulder beetle
 10659 | D:13     | Noticed a catoblepas
 10660 | D:13     | Noticed a centaur warrior
 10692 | D:13     | Killed a centaur warrior
 10712 | D:13     | Killed a catoblepas
 10907 | D:13     | Gained mutation: You occasionally lose the ability to drink
                  | potions when taking damage. [a shining eye]
 10953 | D:13     | Noticed a centaur warrior
 10963 | D:13     | Killed a centaur warrior
 11153 | D:13     | Found a gate to the Vaults.
 11160 | D:13     | Identified a scroll of acquirement
 11160 | D:13     | Acquired the +2 hat "Meerik" {Dex+4}
 11507 | Lair:1   | Entered Level 1 of the Lair of Beasts
 12011 | Lair:1   | Lost mutation: You occasionally lose the ability to drink
                  | potions when taking damage. [potion of mutation]
 12011 | Lair:1   | Gained mutation: Your spells are a little easier to cast,
                  | but a little less powerful. [potion of mutation]
 12011 | Lair:1   | Gained mutation: You have hidden genetic potential. [potion
                  | of mutation]
 12011 | Lair:1   | Gained mutation: You have a pair of large horns on your
                  | head. [potion of mutation]
 12011 | Lair:1   | Gained mutation: You are agile. (Dex +4, Str/Int -1)
                  | [potion of mutation]
 12293 | Lair:2   | Found a staircase to the Swamp.
 12374 | Lair:2   | Noticed a catoblepas
 12394 | Lair:2   | Killed a catoblepas
 12526 | Lair:2   | Noticed an eight-headed hydra
 12534 | Lair:2   | Killed an eight-headed hydra
 12685 | Lair:2   | Reached XP level 13. HP: 101/123 MP: 12/12
 13045 | Lair:3   | Noticed Gastronok
 13058 | Lair:3   | Killed Gastronok
 13059 | Lair:3   | Reached skill level 10 in Armour
 13096 | Lair:3   | Reached skill level 15 in Maces & Flails
 13210 | Lair:3   | Noticed Snorg
 13235 | Lair:3   | Killed Snorg
 13607 | Lair:3   | Found a hole to the Spider Nest.
 13985 | Lair:4   | Gained mutation: You are very agile. (Dex +8, Str/Int -2)
                  | [hidden potential]
 14196 | Lair:4   | Found a staircase to the Slime Pits.
 14196 | Lair:4   | Found a viscous altar of Jiyva.
 14323 | Lair:4   | Noticed Rupert
 14333 | Lair:4   | Killed Rupert
 15167 | D:9      | Found a staircase to the Orcish Mines.
 15184 | Orc:1    | Entered Level 1 of the Orcish Mines
 15184 | Orc:1    | Noticed Sonja
 15328 | D:9      | Killed Sonja
 15680 | Orc:1    | Reached XP level 14. HP: 127/132 MP: 13/13
 15891 | Orc:2    | Entered Level 2 of the Orcish Mines
 15912 | Orc:2    | Found a flickering gateway to a bazaar.
 15935 | Orc:2    | Noticed an orc warlord
 15961 | Orc:2    | Killed an orc warlord
 16017 | Orc:2    | Found Zizeidox's Antique Armour Boutique.
 16050 | Orc:2    | Noticed Maurice
 16056 | Orc:2    | Maurice stole a maw talisman
 16062 | Orc:2    | Killed Maurice
 16160 | Bazaar   | Entered a bazaar
 16160 | Bazaar   | Found Afrelidd's Weapon Shoppe.
 16166 | Bazaar   | Found Ifakhoj's Weapon Emporium.
 16175 | Bazaar   | Found Plog's Assorted Antiques.
 16183 | Bazaar   | Bought a scroll of enchant armour for 157 gold pieces
 16216 | Bazaar   | Found Efopuo Fadu's Jewellery Shoppe.
 16255 | Bazaar   | Bought a faintly humming chain mail for 199 gold pieces
 16255 | Bazaar   | Identified the +0 chain mail "Xiginaun" {Harm Str+3} (You
                  | bought it in a shop in a bazaar)
 16259 | Bazaar   | Bought a fluorescent wand for 84 gold pieces
 16319 | Orc:2    | Found a staircase to the Elven Halls.
 16349 | Orc:2    | Found a transporter.
 16635 | Orc:2    | Found a transporter.
 16647 | Orc:2    | Found Neong's Jewellery Shop.
 16798 | Orc:2    | Gained mutation: You occasionally lose the ability to read
                  | scrolls when taking damage. [a neqoxec]
 16799 | Orc:2    | Noticed Donald
 17105 | Lair:5   | Entered Level 5 of the Lair of Beasts
 17159 | Lair:5   | Gained mutation: You have great hidden genetic potential.
                  | [hidden potential]
 17159 | Lair:5   | Lost mutation: You have great hidden genetic potential.
                  | [hidden potential expressed]
 17219 | Lair:4   | Became a worshipper of Jiyva Jeciud the Shapeless
 17352 | D:12     | Killed Psyche
 17384 | D:12     | Identified the ring "Kelonum" {+Blink Int+6 Stlth+}
 17434 | D:12     | Found Muleny's Assorted Antiques.
 17437 | D:12     | Bought a scroll labelled ITYVOYN MAADE for 31 gold pieces
 17767 | D:14     | Reached skill level 10 in Shields
 17877 | D:14     | Reached * piety under Jiyva
 18248 | Orc:2    | Paralysed by an orc sorcerer for 5 turns
 18431 | Orc:2    | Paralysed by an orc sorcerer for 5 turns
 18454 | Orc:2    | Noticed an orc warlord
 18473 | Orc:2    | Killed Donald
 18474 | Orc:2    | Reached skill level 15 in Fighting
 18564 | Orc:2    | Killed an orc warlord
 18654 | Orc:2    | Found Rolargh's General Store.
 18655 | Orc:2    | Found Xamuin's Jewellery Shoppe.
 18657 | Orc:2    | Found Ybloz's Antique Armour Emporium.
 18657 | Orc:2    | Found Timublie's Antique Weapon Emporium.
 18662 | Orc:2    | Bought a potion of curing for 42 gold pieces
 18826 | Elf:1    | Entered Level 1 of the Elven Halls
 19416 | Lair:5   | Identified the +1 long sword of Brutal Revenge {chaos, rF-
                  | rN+ rCorr SInv}
 19635 | Lair:5   | Reached ** piety under Jiyva
 19655 | Lair:5   | Reached XP level 15. HP: 141/141 MP: 14/14
 20430 | D:12     | Killed Kirke
 20449 | D:12     | Reached *** piety under Jiyva
 20476 | D:12     | Found Ocsuj's Magic Scroll Shop.
 20485 | D:12     | Bought a scroll of enchant weapon for 105 gold pieces
 20590 | D:12     | Found Buggehu's Antique Weapon Boutique.
 20596 | D:12     | Found Xogisch's Weapon Emporium.
 20599 | D:12     | Found Keli's Antique Armour Shoppe.
 20652 | D:12     | Lost mutation: You are very agile. (Dex +8, Str/Int -2)
                  | [Jiyva's grace]
 20652 | D:12     | Lost mutation: Your spells are a little easier to cast, but
                  | a little less powerful. [Jiyva's grace]
 20652 | D:12     | Lost mutation: You occasionally lose the ability to read
                  | scrolls when taking damage. [Jiyva's grace]
 20652 | D:12     | Gained mutation: Armour fits poorly on your pseudopods.
                  | [Jiyva's grace]
 20652 | D:12     | Gained mutation: Armour fits poorly on your large
                  | pseudopods. [Jiyva's grace]
 20652 | D:12     | Gained mutation: Armour fits poorly on your massive
                  | pseudopods. [Jiyva's grace]
 20652 | D:12     | Gained mutation: Your melee attacks may engulf your foes in
                  | ooze. [Jiyva's grace]
 20679 | D:12     | Bought a dazzling morningstar for 333 gold pieces
 20679 | D:12     | Identified the +1 morningstar of Siagu {holy, rF+ Int+3
                  | Dex+3} (You bought it in a shop on level 12 of the Dungeon)
 20884 | D:15     | Entered Level 15 of the Dungeon
 21090 | D:15     | Reached **** piety under Jiyva
 21131 | D:15     | Gained mutation: Your muscles are strong. (Str +4, Int/Dex
                  | -1) [hidden potential]
 21146 | D:15     | Found a staircase to the Depths.
 21524 | Depths:1 | Entered Level 1 of the Depths
 22677 | Spider:1 | Entered Level 1 of the Spider Nest
 22790 | Lair:3   | Reached skill level 15 in Armour
 22933 | Spider:1 | Noticed Agnes
 22940 | Spider:1 | Killed Agnes
 23065 | Spider:1 | Identified the +0 plate armour "Paoti" {Int+3}
 23130 | Spider:1 | Identified the +3 leather armour "Irhy Ula" {rN+}
 23147 | Spider:1 | Noticed Azrael
 23157 | Spider:1 | Killed Azrael
 23317 | Spider:1 | Reached ***** piety under Jiyva
 23337 | Spider:1 | Lost mutation: You have a pair of large horns on your head.
                  | [Jiyva's grace]
 23337 | Spider:1 | Lost mutation: You are agile. (Dex +4, Str/Int -1) [Jiyva's
                  | grace]
 23337 | Spider:1 | Lost mutation: Armour fits poorly on your massive
                  | pseudopods. [Jiyva's grace]
 23337 | Spider:1 | Lost mutation: Armour fits poorly on your large pseudopods.
                  | [Jiyva's grace]
 23337 | Spider:1 | Lost mutation: You have hidden genetic potential. [Jiyva's
                  | grace]
 23337 | Spider:1 | Gained mutation: You are covered in slimy tendrils that may
                  | disarm your opponents. [Jiyva's grace]
 23337 | Spider:1 | Gained mutation: You are strong-willed. (Will+) [Jiyva's
                  | grace]
 23337 | Spider:1 | Gained mutation: You are highly strong-willed. (Will++)
                  | [Jiyva's grace]
 23337 | Spider:1 | Gained mutation: You are extremely strong-willed. (Will+++)
                  | [Jiyva's grace]
 23770 | Spider:2 | Reached XP level 16. HP: 136/155 MP: 15/15
 23814 | Spider:2 | Identified the +5 lajatang of Imyzxaocs {elec, rElec rC++
                  | Str-3}
 24025 | Spider:2 | HP: 6/155 [jumping spider (8)]
 24328 | Swamp:1  | Entered Level 1 of the Swamp
 25043 | Swamp:2  | Noticed a thorn hunter
 25060 | Swamp:2  | Killed a thorn hunter
 25407 | Swamp:2  | HP: 7/159 [tyrant leech (25)]
 25916 | Elf:1    | Got the Elucidation of Beckoning
 26055 | Elf:1    | Reached ****** piety under Jiyva
 26055 | Elf:1    | Lost mutation: You are extremely strong-willed. (Will+++)
                  | [Jiyva's grace]
 26055 | Elf:1    | Gained mutation: You have a small jelly attached to you
                  | that senses nearby items. [Jiyva's grace]
 26055 | Elf:1    | Gained mutation: You have hidden genetic potential.
                  | [Jiyva's grace]
 26055 | Elf:1    | Gained mutation: You have great hidden genetic potential.
                  | [Jiyva's grace]
 26055 | Elf:1    | Gained mutation: Armour fits poorly on your large
                  | pseudopods. [Jiyva's grace]
 26336 | Elf:1    | Found Koeso's Assorted Antiques.
 26669 | Elf:1    | Reached XP level 17. HP: 160/168 MP: 16/16
 27100 | Slime:1  | Entered Level 1 of the Pits of Slime
 27120 | Slime:1  | Noticed an acid blob
 27160 | Slime:5  | Entered Level 5 of the Pits of Slime
 27224 | Slime:5  | Noticed an acid blob
 27230 | Slime:5  | Found a viscous altar of Jiyva.
 27232 | Slime:5  | Found the +10 zealot's sword {holy, Zealotry, *Rage rN+
                  | EV+3}
 27236 | Slime:5  | Noticed an acid blob
 27237 | Slime:5  | Noticed the Royal Jelly
 27238 | Slime:5  | Identified the +2 war axe "Demonslayer" {heavy, rF- Int+3}
 27251 | Slime:5  | Noticed an acid blob
 27253 | Slime:5  | Noticed an acid blob
 27258 | Slime:5  | Identified the scarf of Duty {repulsion, rElec rPois rC+
                  | Will+}
 27261 | Slime:5  | Identified the +9 flail of Cil Ejeh {freeze, rN+}
 27274 | Slime:5  | Identified the +6 mace "Xuehoesch" {holy, Int+2}
 27373 | Slime:5  | Noticed an acid blob
 27493 | Slime:5  | Got a slimy rune of Zot
 27672 | Slime:1  | Noticed an acid blob
 28341 | Swamp:3  | Found a frozen archway.
 28362 | IceCv    | Entered an ice cave
 28367 | IceCv    | Reached skill level 15 in Dodging
 28377 | IceCv    | Found a transporter.
 28388 | IceCv    | Found a transporter.
 28427 | IceCv    | Identified the ring of Ceur {rElec rPois AC+4 Str-2 Dex+5}
 28620 | Swamp:3  | Lost mutation: Armour fits poorly on your large pseudopods.
                  | [Jiyva's grace]
 28620 | Swamp:3  | Lost mutation: You have great hidden genetic potential.
                  | [Jiyva's grace]
 28620 | Swamp:3  | Lost mutation: You are covered in slimy tendrils that may
                  | disarm your opponents. [Jiyva's grace]
 28620 | Swamp:3  | Gained mutation: You are extremely strong-willed. (Will+++)
                  | [Jiyva's grace]
 28620 | Swamp:3  | Gained mutation: Your translucent skin slightly reduces
                  | your foes' accuracy. (Stealth+) [Jiyva's grace]
 28620 | Swamp:3  | Gained mutation: Your translucent skin reduces your foes'
                  | accuracy. (Stealth+) [Jiyva's grace]
 28620 | Swamp:3  | Gained mutation: Your transparent skin significantly
                  | reduces your foes' accuracy. (Stealth+) [Jiyva's grace]
 28832 | Swamp:4  | Entered Level 4 of the Swamp
 29018 | Swamp:4  | Noticed a tentacled monstrosity
 29030 | Swamp:4  | Killed a tentacled monstrosity
 29326 | Swamp:4  | Noticed the 27-headed Lernaean hydra
 29754 | Spider:2 | Gained mutation: You expend magic power (3 MP) to
                  | strengthen your wands. [hidden potential]
 30922 | Spider:3 | Lost mutation: You are extremely strong-willed. (Will+++)
                  | [Jiyva's grace]
 30922 | Spider:3 | Lost mutation: You are highly strong-willed. (Will++)
                  | [Jiyva's grace]
 30922 | Spider:3 | Gained mutation: Your muscles are very strong. (Str +8,
                  | Int/Dex -2) [Jiyva's grace]
 30922 | Spider:3 | Gained mutation: You are highly strong-willed. (Will++)
                  | [Jiyva's grace]
 30922 | Spider:3 | Gained mutation: You are extremely strong-willed. (Will+++)
                  | [Jiyva's grace]
 30922 | Spider:3 | Gained mutation: You are partially covered in iridescent
                  | scales. (AC +2) [Jiyva's grace]
 31130 | Spider:3 | Reached XP level 18. HP: 171/180 MP: 17/17
 31374 | Spider:4 | Entered Level 4 of the Spider Nest
 31890 | Spider:4 | Noticed Mara
 31906 | Spider:4 | Noticed dialectric's illusion
 32211 | Vaults:1 | Entered Level 1 of the Vaults
 32429 | Vaults:1 | Found Vitwuo's Weapon Emporium.
 32942 | Vaults:1 | Gained mutation: You have a pair of large horns on your
                  | head. [hidden potential]
 32942 | Vaults:1 | Lost mutation: You have hidden genetic potential. [hidden
                  | potential expressed]
 33478 | Swamp:4  | Got a decaying rune of Zot
 33828 | Depths:1 | Noticed a lich
 33850 | Depths:1 | Killed a lich
 33936 | Depths:1 | Lost mutation: You are partially covered in iridescent
                  | scales. (AC +2) [Jiyva's grace]
 33936 | Depths:1 | Lost mutation: You expend magic power (3 MP) to strengthen
                  | your wands. [Jiyva's grace]
 33936 | Depths:1 | Gained mutation: You have a small jelly attached to you
                  | that may absorb projectiles. [Jiyva's grace]
 33936 | Depths:1 | Gained mutation: Your flesh is heat resistant. (rF+)
                  | [Jiyva's grace]
 33936 | Depths:1 | Gained mutation: Your flesh is very heat resistant. (rF++)
                  | [Jiyva's grace]
 33936 | Depths:1 | Gained mutation: Your flesh is almost immune to the effects
                  | of heat. (rF+++) [Jiyva's grace]
 34236 | Depths:1 | Reached XP level 19. HP: 165/193 MP: 18/18
 34366 | Depths:1 | Found a one-way gate to the infinite horrors of the Abyss.
 34912 | Depths:1 | Found a one-way gateway to a ziggurat.
 34919 | Depths:1 | Found an opulent altar of Gozag.
 34981 | Depths:1 | Found a gateway to Hell.
 35866 | Depths:2 | Found a one-way gate leading to the halls of Pandemonium.
 36162 | Depths:2 | Lost mutation: You have a pair of large horns on your head.
                  | [Jiyva's grace]
 36162 | Depths:2 | Lost mutation: You are extremely strong-willed. (Will+++)
                  | [Jiyva's grace]
 36162 | Depths:2 | Lost mutation: You are highly strong-willed. (Will++)
                  | [Jiyva's grace]
 36162 | Depths:2 | Lost mutation: Your transparent skin significantly reduces
                  | your foes' accuracy. (Stealth+) [Jiyva's grace]
 36162 | Depths:2 | Lost mutation: Your translucent skin reduces your foes'
                  | accuracy. (Stealth+) [Jiyva's grace]
 36162 | Depths:2 | Lost mutation: Your translucent skin slightly reduces your
                  | foes' accuracy. (Stealth+) [Jiyva's grace]
 36162 | Depths:2 | Lost mutation: You have a small jelly attached to you that
                  | may absorb projectiles. [Jiyva's grace]
 36162 | Depths:2 | Gained mutation: Your spells are a little harder to cast,
                  | but a little more powerful. [Jiyva's grace]
 36162 | Depths:2 | Gained mutation: Your spells are harder to cast, but more
                  | powerful. [Jiyva's grace]
 36162 | Depths:2 | Gained mutation: Your spells are much harder to cast, but
                  | much more powerful. [Jiyva's grace]
 36162 | Depths:2 | Gained mutation: You have very sharp teeth. [Jiyva's grace]
 36869 | Spider:4 | Noticed dialectric's illusion
 37582 | Elf:2    | Found Mysaudem's Weapon Emporium.
 37746 | Elf:2    | Found a runed translucent gate.
 37746 | Elf:2    | Found a runed translucent gate.
 37748 | Elf:2    | Found a runed translucent gate.
 38164 | Elf:2    | Reached XP level 20. HP: 165/206 MP: 19/19
 38498 | Elf:3    | Entered Level 3 of the Elven Halls
 38507 | Elf:3    | Found Atoten's Jewellery Emporium.
 38586 | Elf:3    | Paralysed by an air elemental for 1 turns
 38591 | Elf:3    | Paralysed by an air elemental for 1 turns
 38804 | Elf:3    | Lost mutation: You have very sharp teeth. [Jiyva's grace]
 38804 | Elf:3    | Lost mutation: Your muscles are very strong. (Str +8,
                  | Int/Dex -2) [Jiyva's grace]
 38804 | Elf:3    | Lost mutation: Your melee attacks may engulf your foes in
                  | ooze. [Jiyva's grace]
 38804 | Elf:3    | Gained mutation: Your body has grown eyes which may confuse
                  | attackers. (Acc +3) [Jiyva's grace]
 38804 | Elf:3    | Gained mutation: Your body has grown many eyes which may
                  | confuse attackers. (Acc +5) [Jiyva's grace]
 38804 | Elf:3    | Gained mutation: Your body is covered in eyes which may
                  | confuse attackers. (Acc +7, SInv) [Jiyva's grace]
 38804 | Elf:3    | Gained mutation: You are partially covered in iridescent
                  | scales. (AC +2) [Jiyva's grace]
 38883 | Elf:3    | Noticed Nikola
 38892 | Elf:3    | Killed Nikola
 39822 | Elf:3    | Identified the +6 spear "Navvey" {flame, Dex+2}
 39822 | Elf:3    | Identified the amulet of Hohewanta {Faith Fly}
 39854 | Elf:3    | Identified the +3 mace of Nukk {freeze, rElec rC+ SInv
                  | Stlth-}
 39854 | Elf:3    | Identified the +2 orcbow "Jelly's Death Toll" {flame, rC+
                  | Will+}
 39856 | Elf:3    | Identified the +6 crystal plate armour of Orruptub {MP+9
                  | Int+5 Slay+2}
 39889 | Elf:3    | Identified the +0 ring mail "Kueliut" {rElec rF- rC+++
                  | Regen+}
 39941 | Elf:3    | Found the +7 Spriggan's Knife {stab, EV+4 Stlth+}
 40003 | Elf:3    | Identified the maw talisman "Ittedy" {Str+2}
 40039 | Elf:3    | Identified the +3 flail of Certain Death {heavy, +Blink
                  | Str-5 Int+4}
 40041 | Elf:3    | Identified the staff of Evisceration {rN+ Str+2 Necro}
 40081 | Elf:3    | Identified the ring of Omoxt {Contam rPois rF+ rN+++ Str+2}
 40196 | Elf:3    | Found a radiant altar of Vehumet.
 41408 | Vaults:2 | Lost mutation: You are partially covered in iridescent
                  | scales. (AC +2) [Jiyva's grace]
 41408 | Vaults:2 | Lost mutation: You are strong-willed. (Will+) [Jiyva's
                  | grace]
 41408 | Vaults:2 | Lost mutation: Your muscles are strong. (Str +4, Int/Dex
                  | -1) [Jiyva's grace]
 41408 | Vaults:2 | Lost mutation: Your spells are much harder to cast, but
                  | much more powerful. [Jiyva's grace]
 41408 | Vaults:2 | Lost mutation: Your body is covered in eyes which may
                  | confuse attackers. (Acc +7, SInv) [Jiyva's grace]
 41408 | Vaults:2 | Gained mutation: You are covered in slimy tendrils that may
                  | disarm your opponents. [Jiyva's grace]
 41408 | Vaults:2 | Gained mutation: You are somewhat resistant to further
                  | mutation. [Jiyva's grace]
 41408 | Vaults:2 | Gained mutation: You are somewhat resistant to both further
                  | mutation and mutation removal. [Jiyva's grace]
 41408 | Vaults:2 | Gained mutation: You are almost entirely resistant to
                  | further mutation and mutation removal. [Jiyva's grace]
 41785 | Vaults:3 | Noticed Frederick
 41795 | Vaults:3 | Killed Frederick
 41796 | Vaults:3 | Reached XP level 21. HP: 195/217 MP: 20/20
 41864 | Vaults:3 | Got Sif Muna's Codex of the Escort
 42001 | Vaults:3 | Got the Elucidation of Cold
 42474 | Vaults:3 | Identified the +2 leather armour of the Everdark {rPois}
 42721 | Vaults:3 | Got Omoh's Notes on the Jaunt
 42843 | Vaults:3 | Got Datecal's Secrets of Austromancy
 43086 | Vaults:4 | Lost mutation: Your flesh is almost immune to the effects
                  | of heat. (rF+++) [Jiyva's grace]
 43086 | Vaults:4 | Lost mutation: Your flesh is very heat resistant. (rF++)
                  | [Jiyva's grace]
 43086 | Vaults:4 | Lost mutation: You are almost entirely resistant to further
                  | mutation and mutation removal. [Jiyva's grace]
 43086 | Vaults:4 | Gained mutation: Your flesh is cold resistant. (rC+)
                  | [Jiyva's grace]
 43086 | Vaults:4 | Gained mutation: Your flesh is very cold resistant. (rC++)
                  | [Jiyva's grace]
 43086 | Vaults:4 | Gained mutation: Your flesh is almost immune to the effects
                  | of cold. (rC+++) [Jiyva's grace]
 43086 | Vaults:4 | Gained mutation: Your melee attacks may engulf your foes in
                  | ooze. [Jiyva's grace]
 43422 | Vaults:4 | Identified the +0 scale mail "Witip" {Fly Dex+4 SInv}
 43769 | Vaults:4 | Acquired a manual of Dodging
 43936 | D:11     | You paid a toll of 6 potions of haste to enter a treasure
                  | trove
 43937 | Trove    | Entered a treasure trove
 43951 | Trove    | Identified the +2 orcbow of Goneic {heavy, rElec Str-5
                  | Int+3 Dex+5}
 43963 | Trove    | Identified the +6 dagger "Haposm" {vamp, rElec rF+ Dex-2}
 43972 | Trove    | Identified the +3 trident of the Kissing Gods {speed,
                  | Will++}
 43996 | Trove    | Identified the +3 shortbow of Nepuus {freeze, rPois rCorr}
 44136 | Vaults:5 | Entered Level 5 of the Vaults
 44178 | Vaults:5 | Identified the +6 battleaxe "Leneirae" {flame, rPois rF-
                  | rN+++}
 44285 | Vaults:5 | Paralysed by a sphinx for 5 turns
 44345 | Vaults:5 | Noticed a golden dragon
 44357 | Vaults:5 | Killed a golden dragon
 44384 | Vaults:5 | Noticed a dread lich
 44393 | Vaults:5 | Killed a dread lich
 44420 | Vaults:5 | Noticed an ancient lich
 44430 | Vaults:5 | Killed an ancient lich
 44431 | Vaults:5 | Reached XP level 22. HP: 222/226 MP: 21/21
 44527 | Vaults:5 | Noticed Xtahua
 44553 | Vaults:5 | Killed Xtahua
 45064 | Vaults:5 | Got the Parchment of Combined Sculpting
 45206 | Vaults:5 | Got a silver rune of Zot
 45214 | Vaults:5 | Lost mutation: Your body has grown many eyes which may
                  | confuse attackers. (Acc +5) [Jiyva's grace]
 45214 | Vaults:5 | Lost mutation: Your body has grown eyes which may confuse
                  | attackers. (Acc +3) [Jiyva's grace]
 45214 | Vaults:5 | Lost mutation: You are covered in slimy tendrils that may
                  | disarm your opponents. [Jiyva's grace]
 45214 | Vaults:5 | Gained mutation: You are covered in fur. (AC +1) [Jiyva's
                  | grace]
 45214 | Vaults:5 | Gained mutation: You are covered in thick fur. (AC +2)
                  | [Jiyva's grace]
 45214 | Vaults:5 | Gained mutation: Your thick and shaggy fur keeps you warm.
                  | (AC +3, rC+) [Jiyva's grace]
 45214 | Vaults:5 | Gained mutation: Your translucent skin slightly reduces
                  | your foes' accuracy. (Stealth+) [Jiyva's grace]
 45360 | Vaults:5 | Found the +9 sword of Zonguldrok {reap}
 45367 | Vaults:5 | Got the Vellum of Movement
 45374 | Vaults:5 | Identified the +8 glaive of the Pits of Slime {spect,
                  | Int+3}
 45408 | Vaults:5 | Identified the +5 short sword of Hocsoedias {freeze, rC+
                  | Int+4}
 45410 | Vaults:5 | Identified the death talisman "Tiliov" {Str+3}
 45843 | Depths:3 | Found a glowing silver altar of Zin.
 45899 | Depths:3 | Paralysed by a sphinx for 2 turns
 45995 | Depths:3 | Paralysed by something for 4 turns
 46008 | Depths:3 | HP: 7/226 [living spell/divine providence[a walking divine
                  | tome] (15)]
 46012 | Depths:3 | Saved by the dreamshard amulet
 46116 | Depths:3 | Noticed a golden dragon
 46133 | Depths:3 | Killed a golden dragon
 46372 | Depths:2 | Reached skill level 27 in Armour
 46898 | Depths:4 | Entered Level 4 of the Depths
 46900 | Depths:4 | Paralysed by a sphinx for 3 turns
 47324 | Depths:4 | Noticed a golden dragon
 47336 | Depths:4 | Killed a golden dragon
 47354 | Depths:4 | Found a sparkling altar of Nemelex Xobeh.
 47432 | Depths:4 | Found Mufouph's Antique Armour Shoppe.
 47440 | Depths:4 | Bought a pair of embroidered boots for 285 gold pieces
 47517 | Depths:4 | Reached XP level 23. HP: 226/234 MP: 22/22
 47586 | Depths:4 | Found a gate to the Realm of Zot.
 47879 | Depths:4 | Lost mutation: Your thick and shaggy fur keeps you warm.
                  | (AC +3, rC+) [Jiyva's grace]
 47879 | Depths:4 | Lost mutation: You are covered in thick fur. (AC +2)
                  | [Jiyva's grace]
 47879 | Depths:4 | Lost mutation: Armour fits poorly on your pseudopods.
                  | [Jiyva's grace]
 47879 | Depths:4 | Lost mutation: Your translucent skin slightly reduces your
                  | foes' accuracy. (Stealth+) [Jiyva's grace]
 47879 | Depths:4 | Gained mutation: Your natural rate of healing is unusually
                  | fast. [Jiyva's grace]
 47879 | Depths:4 | Gained mutation: You heal very quickly. [Jiyva's grace]
 47879 | Depths:4 | Gained mutation: You regenerate. [Jiyva's grace]
 47879 | Depths:4 | Gained mutation: Your body has grown eyes which may confuse
                  | attackers. (Acc +3) [Jiyva's grace]
 48023 | Zot:1    | Entered Level 1 of the Realm of Zot
 48100 | Zot:1    | You fall into a shaft and drop 1 floor!
 48145 | Zot:2    | Noticed an orb of fire
 48153 | Zot:2    | Gained mutation: You are dopey. (Int -2) [an orb of fire]
 48164 | Zot:2    | Gained mutation: You sometimes lose your temper in combat.
                  | [an orb of fire]
 48168 | Zot:2    | Killed an orb of fire
 48168 | Zot:2    | Noticed an orb of fire
 48187 | Zot:2    | Killed an orb of fire
 48324 | Zot:2    | Found a transporter.
 48373 | Zot:2    | Found a transporter.
 48375 | Zot:2    | Found a transporter.
 48550 | Zot:2    | Found a transporter.
 48973 | Zot:3    | Noticed a curse toe
 48984 | Zot:3    | Killed a curse toe
 49335 | Zot:4    | Noticed a curse toe
 49347 | Zot:4    | Killed a curse toe
 49358 | Zot:4    | Noticed a curse toe
 49367 | Zot:4    | Killed a curse toe
 49376 | Zot:4    | Noticed a curse toe
 49385 | Zot:4    | Killed a curse toe
 49428 | Zot:4    | Paralysed by you for 2 turns
 49428 | Zot:4    | Noticed a curse toe
 49438 | Zot:4    | Killed a curse toe
 49656 | Zot:5    | Entered Level 5 of the Realm of Zot
 49709 | Zot:5    | Identified the +9 dagger of Ceocaar {freeze, Fragile rC+
                  | rN+ Stlth+}
 49982 | Zot:5    | Noticed a Killer Klown
 49984 | Zot:5    | Noticed an orb of fire
 50014 | Zot:5    | Killed an orb of fire
 50023 | Zot:5    | Killed a Killer Klown
 50104 | Zot:5    | Reached XP level 24. HP: 243/243 MP: 22/22
 50134 | Zot:5    | Noticed a Killer Klown
 50136 | Zot:5    | Noticed a Killer Klown
 50145 | Zot:5    | Noticed an orb of fire
 50146 | Zot:5    | Noticed an orb of fire
 50150 | Zot:5    | Noticed an orb of fire
 50152 | Zot:5    | Noticed a Killer Klown
 50157 | Zot:5    | Gained mutation: You are frail. (-10% HP) [an orb of fire]
 50159 | Zot:5    | Gained mutation: Your body sometimes deteriorates upon
                  | taking damage. [an orb of fire]
 50160 | Zot:5    | Killed an orb of fire
 50161 | Zot:5    | Reached skill level 15 in Shields
 50161 | Zot:5    | Noticed a Killer Klown
 50162 | Zot:5    | Noticed a dread lich
 50263 | Zot:5    | Killed an orb of fire
 50294 | Zot:5    | Paralysed by a dread lich for 4 turns
 50312 | Zot:5    | Killed a dread lich
 50325 | Zot:5    | Killed a Killer Klown
 50589 | Zot:5    | Killed a Killer Klown
 50597 | Zot:5    | Killed a Killer Klown
 50632 | Zot:5    | Lost mutation: Your flesh is almost immune to the effects
                  | of cold. (rC+++) [Jiyva's grace]
 50632 | Zot:5    | Lost mutation: You are dopey. (Int -2) [Jiyva's grace]
 50632 | Zot:5    | Lost mutation: Your flesh is heat resistant. (rF+) [Jiyva's
                  | grace]
 50632 | Zot:5    | Lost mutation: You are frail. (-10% HP) [Jiyva's grace]
 50632 | Zot:5    | Lost mutation: You are somewhat resistant to both further
                  | mutation and mutation removal. [Jiyva's grace]
 50632 | Zot:5    | Lost mutation: You are somewhat resistant to further
                  | mutation. [Jiyva's grace]
 50632 | Zot:5    | Lost mutation: Your melee attacks may engulf your foes in
                  | ooze. [Jiyva's grace]
 50632 | Zot:5    | Gained mutation: You are partially covered in large bone
                  | plates. (SH +4) [Jiyva's grace]
 50632 | Zot:5    | Gained mutation: You are mostly covered in large bone
                  | plates. (SH +6) [Jiyva's grace]
 50632 | Zot:5    | Gained mutation: You are completely covered in large bone
                  | plates. (SH +8) [Jiyva's grace]
 50632 | Zot:5    | Lost mutation: You sometimes lose your temper in combat.
                  | [Jiyva's grace]
 50732 | Zot:5    | Noticed a dread lich
 50735 | Zot:5    | Killed a Killer Klown
 50738 | Zot:5    | Noticed an orb of fire
 50753 | Zot:5    | Gained mutation: You are frail. (-10% HP) [an orb of fire]
 51015 | Zot:5    | Killed a dread lich
 51039 | Zot:5    | Killed an orb of fire
 51129 | Zot:5    | Got the Orb of Zot
 51270 | Zot:5    | Noticed a seraph
 51416 | Zot:2    | Noticed a seraph
 51588 | Zot:1    | Reached skill level 27 in Dodging
 51946 | D:10     | Noticed Zoczo the pandemonium lord
 52232 | D:$      | Escaped with the Orb!

Illustrated notes

Levels and vault maps discovered:
D:1:      onia_arrival_pyramid, layout_basic, minivault_4, dk_noncrumbling_3
D:2:      layout_basic, serial_bayou, serial_bayou_lagoon_a,
          serial_bayou_pond_e, serial_bayou_pond_a, serial_bayou_lake_a,
          uniq_crazy_yiuf_cottage
D:3:      corexii_shack_village, layout_basic, gup_sewer_entry_bubbles,
          hangedman_decor_growths, minmay_stone_trees_small, interstate_on_off
D:4:      kennysheep_six_static_rooms, layout_cave_pods,
          gammafunk_temple_overflow_statue, uniq_menkaure, uniq_ijyb
D:5:      layout_rooms, old_standard_altar, chequers_serial_rivers_room_b
D:6:      layout_basic, fedhas_altar_4, uniq_eustachio
D:7:      nzn_winding_woodlands_large [nzn_winding_woodlands_hourglass,
          nzn_winding_woodlands_5x15_concentric,
          nzn_winding_woodlands_5x5_default,
          nzn_winding_woodlands_center_diamonds,
          nzn_winding_woodlands_15x15_thick_spiral,
          nzn_winding_woodlands_center_pierced_h,
          nzn_winding_woodlands_5x5_perimeter,
          nzn_winding_woodlands_5x15_parted,
          nzn_winding_woodlands_5x5_closed_star], layout_basic,
          minmay_temple_entry_purple_smoke, bh_walls_and_bars
D:8:      layout_loops_cross, nicolae_ru_sacrificial_ziggurat,
          minmay_misc_feat_alley, grunt_decor_mini_mirrors,
          nicolae_transporter_intersection, uniq_joseph
D:9:      layout_loops_ring, old_standard_altar, erik_orc_2
D:10:     erik_rubicon_b, layout_gridville, mainiacjoe_overflow_paths,
          amcnicky_altar_gilded, uniq_fannar
D:11:     layout_basic, serial_library,
          serial_library_regret_index_double_sided,
          serial_library_hellmonk_open_square,
          serial_library_regret_index_split_case,
          serial_library_hellmonk_octagon, serial_library_hellmonk_secret_room,
          serial_library_hellmonk_filled_rooms, serial_library_hellmonk_room_c,
          serial_library_hellmonk_hallway_a, enter_trove_1,
          minmay_beelzebubs_servants
D:12:     layout_rooms, serial_shops, nicolae_shop_tiny_glass,
          nicolae_stop_n_shop_2, nicolae_shop_behind_doors,
          nicolae_wooded_promenade, uniq_kirke, uniq_psyche
D:13:     layout_roguey, david_vaults_2
D:14:     layout_layer_cave, minmay_misc_feat_room, minmay_fire_ice_demons
D:15:     grunt_enter_depths_hoard, layout_rooms, minmay_misc_feat_nine_boxes
Temple:   eino_temple_water
Lair:1:   layout_hall_layers, chequers_serial_rivers_room_a
Lair:2:   layout_long_grid, minmay_swamp_entry_swarm, roderic_carrion_pond,
          grunt_forest_small_clearings
Lair:3:   dreamdust_cave_troll, layout_concentric_octagons,
          spider_nest_entry_webs, grunt_megastairs_2, lemuel_fruit_tree,
          uniq_gastronok, uniq_snorg
Lair:4:   layout_roguey, slime_entry_1, serial_bayou_lagoon_b, uniq_rupert
Lair:5:   grunt_lair_end_beastmaster, layout_regular_city
Swamp:1:  nicolae_swamp_ascending_descending, layout_basic_swamp,
          evilmike_swamp_ruin_house_4, swamp_pool_1_2, nicolae_swamp_snake_nest
Swamp:2:  layout_falls_marsh, nicolae_swamp_small_spring, swamp_pool_5,
          infiniplex_staircase_pool
Swamp:3:  layout_falls_marsh, portal_ice_cave_entry_frozen_things,
          evilmike_swamp_ruin_rubble_2
Swamp:4:  swamp_old_school, layout_basic_swamp, swamp_pool_1_2
Spider:1: layout_spider_delve, hellmonk_test_site, uniq_azrael, uniq_agnes
Spider:2: layout_cave_pods
Spider:3: layout_cave_pods
Spider:4: grunt_spider_rune_parallel, uniq_mara
Slime:1:  layout_caves
Slime:2:  layout_caves
Slime:3:  layout_caves, nicolae_slime_rock_hall_of_fame
Slime:4:  layout_caves
Slime:5:  slime_pit_nicolae_block_by_block
Orc:1:    layout_caves, mines5_lemuel, uniq_sonja
Orc:2:    st_orc_congregation, layout_diamond_mine, serial_shops,
          bzr_entry_safe, nicolae_shop_drivethru, nicolae_shop_rolling_square,
          mines1_david, uniq_maurice, uniq_donald
Elf:1:    layout_loops_corners, portal_desolation_entry_twin_temple,
          serial_shops, nicolae_shop_waterfront, minmay_elf_demonology,
          lemuel_upstairs_altar
Elf:2:    nicolae_elf_blades_splatter_lattice [grunt_blade_entry_basic],
          layout_gridlike, serial_shops, shop
Elf:3:    minmay_elf_hall, layout_gridlike, serial_shops, nicolae_shop_crystal,
          guppyfry_elf_altar, uniq_nikola
Vaults:1: ontoclasm_vaults_fault, v_misc_4,
          nicolae_vaults_taking_the_gang_shopping, ontoclasm_vaults_pinch,
          nicolae_vaults_variable_pillar_hall, nicolae_vaults_house_1,
          nicolae_vaults_two_Ls, nicolae_vaults_crenellated_ambush,
          ontoclasm_vaults_chip, hangedman_vaults_stitches, v_rooms_2,
          nicolae_vaults_tetromino_L_1, v_misc_16,
          nicolae_vaults_offset_grid_hallway_1, v_pattern_1, v_misc_24,
          nicolae_vaults_variable_pillar_hall, nicolae_vaults_trapezoid_4,
          layout_vaults_ring
Vaults:2: minmay_crypt_entry_simple_plaza, vaults_room_pool,
          nicolae_vaults_sesquioval_fish, hangedman_vaults_hat, v_misc_13,
          nicolae_vaults_tangram_1, nicolae_vaults_network_s,
          vaults_standard_mumra_enter_the_diamond, v_misc_9,
          layout_vaults_big_room
Vaults:3: nicolae_vaults_trapezoid_2, nicolae_vaults_trapezoid_4, v_misc_27,
          ontoclasm_vaults_decontamination, dpeg_vaults_monster_row, st_cross,
          nicolae_vaults_alarming, hangedman_vaults_impose,
          vaults_mumra_minichess_inversion, nicolae_vaults_octothorpe,
          serial_ice_h, nicolae_vaults_trapezoid_layered,
          nicolae_vaults_network_barrier, layout_vaults_maze_snakey,
          serial_hangedman_research, hangedman_research_convocations,
          hangedman_research_electronics, hangedman_research_quantum,
          hangedman_research_thermodynamics, uniq_frederick
Vaults:4: nicolae_vaults_shipping_containers_1, hangedman_vaults_pinch,
          hangedman_vaults_maws, hangedman_vaults_impose,
          nicolae_vaults_trapezoid_lopsided_4, hangedman_vaults_cutoff,
          vaults_room_stairs_pillars, hangedman_vaults_nails,
          layout_vaults_omnicross
Vaults:5: serial_shops, uniq_xtahua
Depths:1: minmay_bubble_buster, layout_gridlike, enter_ziggurat_d,
          nicolae_gozag_cash_rules_everything_around_me, abyss_entry,
          hell_entry, corner_web_ring, minmay_misc_feat_tiny,
          nrook_pool_corridor, lemuel_flamethrower_hall
Depths:2: minmay_open_boxes_in_corner, layout_basic, hell_entry, pan_entry,
          serial_library_hellmonk_h_bend, grunt_megastairs_5,
          minmay_staircase_statues
Depths:3: minmay_big_diamond_grid, layout_basic, hell_entry, zin_angel,
          abyss_entry, infiniplex_staircase_pool_2
Depths:4: evilmike_zot_entry_basic, layout_cave_shapes, serial_shops,
          nicolae_shop_crystal, hangedman_coc_ice_floe,
          nemelex_spade_bored_becter, kennysheep_random_hallway
Zot:1:    lemuel_draconian_sentries_small, layout_gridlike,
          regret_index_zotdec_slimy_original
Zot:2:    layout_misc_corridors, drop_trap, nicolae_transporter_circle
Zot:3:    regret_index_malice_mire, layout_misc_corridors,
          hangedman_zot_decor_scrapings
Zot:4:    gammafunk_mikee_crab_dinner, layout_gridlike, nrook_zot_tub,
          grunt_megastairs_3
Zot:5:    layout_basic, st_stairs_13

Skill      XL: |  1  2  3  4  5  6  7  8  9 10 11 12 13 14 15 16 17 18 19 20 21 22 23 24 |
---------------+-------------------------------------------------------------------------+-----
Dodging        | 1 2 3 5 6 8 10 12 14 16 18 19 20 24 25 27 | 27.0
Armour         | 4 5 6 7 9 11 13 15 18 19 22 25 27 | 27.0
Fighting       | 4 5 6 8 10 11 12 13 14 15 17 19 21 22 23 25 26 | 26.1
Maces & Flails | 3 4 5 6 7 9 11 12 14 17 18 19 20 22 23 | 23.2
Shields        | 4 7 9 11 13 14 15 | 15.4

Action                     |  1- 3 |  4- 6 |  7- 9 | 10-12 | 13-15 | 16-18 | 19-21 | 22-24 || total
---------------------------+-------+-------+-------+-------+-------+-------+-------+-------++-------
  Melee: Flail             |    86 |   119 |    40 |       |       |   920 |   480 |       ||  1645
         Punch             |     2 |       |     4 |     2 |       |       |       |       ||     8
         Headbutt          |     9 |    17 |    78 |   151 |   346 |   377 |   466 |   513 ||  1957
         Whip              |       |       |   293 |       |       |       |       |       ||   293
         Mace              |       |       |       |   188 |       |       |       |       ||   188
         Morningstar       |       |       |       |   382 |  1190 |   501 |       |       ||  2073
         Unarmed           |       |       |       |     6 |    11 |       |       |       ||    17
         Pseudopods        |       |       |       |       |    87 |   382 |   458 |   195 ||  1122
         Bite              |       |       |       |       |       |       |    45 |       ||    45
         Eveningstar       |       |       |       |       |       |       |   923 |  1360 ||  2283
  Throw: Dart              |       |       |       |     3 |     6 |     2 |     1 |       ||    12
 Invoke: Slimify           |       |       |       |       |       |     6 |     4 |     4 ||    14
  Evoke: Wand              |       |       |       |     5 |     8 |    13 |     6 |    11 ||    43
         Box of beasts     |       |       |       |       |       |     1 |     1 |       ||     2
    Use: Potion            |       |     5 |     1 |     6 |     3 |     3 |     1 |     6 ||    25
         Scroll            |       |     1 |     5 |    18 |     9 |     6 |     8 |     9 ||    56
   Stab: Sleeping          |       |       |       |     5 |    11 |     4 |     1 |       ||    21
         Distracted        |       |       |       |     1 |     2 |     7 |     1 |     1 ||    12
         Invisible         |       |       |       |       |     6 |       |       |       ||     6
         Confused          |       |       |       |       |       |     1 |    25 |    12 ||    38
         Paralysed         |       |       |       |       |       |       |       |     1 ||     1
 Armour: Scale mail        |    48 |       |       |       |       |       |       |       ||    48
         Leather armour    |    15 |   101 |   201 |       |       |       |       |       ||   317
         Steam dragon scal |       |       |    32 |    10 |       |       |       |       ||    42
         Ring mail         |       |       |       |   400 |   474 |   516 |    14 |       ||  1404
         Skin              |       |       |       |    21 |    14 |       |       |       ||    35
         Fire dragon scale |       |       |       |       |       |    64 |   277 |       ||   341
         Crystal plate arm |       |       |       |       |       |       |   408 |   799 ||  1207
  Dodge: Dodged            |    60 |    69 |   261 |   537 |  1107 |  1812 |  1398 |  1739 ||  6983
  Block: Buckler           |       |       |       |   110 |   595 |   735 |   748 |   893 ||  3081

Table legend: (Time is in decaauts)
 A = Elapsed time spent in this place.
 B = Non-inter-level travel time spent in this place.
 C = Inter-level travel time spent in this place.
 D = Time resting spent in this place.
 E = Time spent auto-exploring this place.
 F = Levels seen in this place.
 G = Mean time per level.
                   A        B        C        D        E       F      G
               +--------+--------+--------+--------+--------+-----+--------+
         Total |  51474 |  45272 |   6202 |    999 |  24043 |  57 |  903.1 |
       Dungeon |  17096 |  14569 |   2527 |    495 |   8760 |  15 | 1139.7 |
        Temple |      8 |      8 |      0 |      0 |      0 |   1 |    8.0 |
          Lair |   5459 |   4085 |   1374 |      0 |   2719 |   5 | 1091.8 |
         Swamp |   3152 |   2818 |    334 |     20 |   1532 |   4 |  788.0 |
   Spider Nest |   4124 |   3641 |    483 |     52 |   1956 |   4 | 1031.0 |
    Slime Pits |    592 |    511 |     81 |      0 |    336 |   5 |  118.4 |
  Orcish Mines |   2198 |   1898 |    300 |     57 |    911 |   2 | 1099.0 |
   Elven Halls |   4296 |   3914 |    382 |    152 |   1453 |   3 | 1432.0 |
        Vaults |   5447 |   4995 |    452 |    116 |   2802 |   5 | 1089.4 |
        Depths |   5133 |   4894 |    239 |    107 |   2348 |   4 | 1283.2 |
           Zot |   3512 |   3485 |     27 |      0 |   1053 |   5 |  702.4 |
        Bazaar |    109 |    109 |      0 |      0 |     57 |   1 |  109.0 |
         Trove |     86 |     86 |      0 |      0 |     28 |   1 |   86.0 |
         Sewer |    174 |    174 |      0 |      0 |     86 |   1 |  174.0 |
      Ice Cave |     82 |     82 |      0 |      0 |      0 |   1 |   82.0 |
               +--------+--------+--------+--------+--------+-----+--------+

Top non-repeatable levels by time:
     D:7: 2045 daAuts
    D:10: 1850 daAuts
    D:11: 1731 daAuts
Depths:1: 1715 daAuts
   Elf:3: 1552 daAuts
   Elf:1: 1541 daAuts
   Orc:2: 1515 daAuts
     D:9: 1496 daAuts
Spider:1: 1467 daAuts
  Lair:3: 1374 daAuts
  Lair:1: 1351 daAuts
Vaults:5: 1253 daAuts
Depths:2: 1230 daAuts
Vaults:3: 1223 daAuts
   Zot:5: 1223 daAuts
